 Dungeon Crawl Stone Soup version 0.29.1-4-g47bece8355 (webtiles) character file.

Game seed: 3958002247961363999

109 Descartes the Magician (level 4, -2/24 HPs)
             Began as a Deep Elf Fire Elementalist on Dec 11, 2022.
             Slain by an orc
             ... wielding a +0 hand axe
              (4 damage)
             ... on level 3 of the Dungeon.
             The game lasted 00:04:10 (3593 turns).

Descartes the Magician (Deep Elf Fire Elementalist) Turns: 3593, Time: 00:04:11

Health: -2/24      AC:  3    Str:  5    XL:     4   Next: 59%
Magic:  8/11       EV: 13    Int: 22    God:
Gold:   179        SH:  0    Dex: 15    Spells: 9/10 levels left

rFire   . . .      SeeInvis .   c - +0 quarterstaff
rCold   . . .      Faith    .   (shield currently unavailable)
rNeg    . . .      Spirit   .   a - +0 robe
rPois   .          Reflect  .   (no helmet)
rElec   .          Harm     .   (no cloak)
rCorr   .          Rampage  .   (no gloves)
Will    .....                   g - +0 pair of boots
Stlth   ++........              (no amulet)
HPRegen 0.08/turn               (no ring)
MPRegen 0.12/turn               (no ring)

@: no status effects
A: no striking features
a: no special abilities


You were on level 3 of the Dungeon.
You visited 1 branch of the dungeon, and saw 3 of its levels.

You collected 179 gold pieces.

Inventory:

Hand Weapons
 c - a +0 quarterstaff (weapon)
 h - a +1 short sword of speed
Missiles
 p - 5 poisoned darts
Armour
 a - a +0 robe (worn)
 g - a +0 pair of boots (worn)
Magical Staves
 r - a staff of earth
Jewellery
 n - a ring of ice
Scrolls
 d - 2 scrolls of noise {unknown}
 e - a scroll of torment {unknown}
 i - 3 scrolls of teleportation {unknown}
 k - a scroll of fear {unknown}
 l - a scroll of blinking {unknown}
 m - a scroll of poison {unknown}
 q - a scroll of magic mapping {unknown}
Potions
 b - a potion of magic
 f - a potion of ambrosia {unknown}
 j - a potion of degeneration {unknown}
 o - a potion of curing {unknown}


   Skills:
 + Level 1.3 Staves
 + Level 3.2 Dodging
 + Level 3.4 Stealth
 + Level 3.9 Spellcasting
 + Level 2.1 Conjurations
 + Level 3.8 Fire Magic


You had 9 spell levels left.
You knew the following spells:

 Your Spells              Type           Power      Damage    Failure   Level
a - Foxfire               Conj/Fire      68%        2x1d7     3%          1

Your spell library contained the following spells:

 Spells                   Type           Power      Damage    Failure   Level
 Scorch                   Fire           42%        2d7       3%          2
 Conjure Flame            Conj/Fire      17%        6-21      10%         3
 Inner Flame              Hex/Fire       12%        N/A       16%         3
 Ensorcelled Hibernation  Hex/Ice        8%         N/A       17%         2
 Passwall                 Tmut/Erth      3%         N/A       17%         2
 Flame Wave               Conj/Fire      17%        2d7       32%         4
 Ozocubu's Armour         Ice            4%         N/A       34%         3
 Swiftness                Air            4%         N/A       34%         3
 Ozocubu's Refrigeration  Ice            2%         4d7       100%        7


Dungeon Overview and Level Annotations

Branches:
Dungeon (3/15)

Altars:
Xom


Message History

You conjure some foxfire!
The orc closely misses you.
The orc hits your foxfire with a +0 hand axe.
The foxfire hits the orc.
The orc is moderately wounded.
The orc hits you but does no damage.
A rat comes into view.
The orc hits you with a +0 hand axe.
Casting: Foxfire (safe; 3% risk of failure)
Confirm with . or Enter, or press ? or * to list all spells.
You conjure some foxfire!
The orc hits you with a +0 hand axe. The orc misses your foxfire.
The rat twitches its whiskers.
The foxfire hits the orc.
The orc is severely wounded.
The orc hits you with a +0 hand axe. The orc attacks as you move away!
The orc hits you with a +0 hand axe. The orc attacks as you move away!
The orc hits you with a +0 hand axe.
* * * LOW HITPOINT WARNING * * *
The orc attacks as you move away! The orc hits you with a +0 hand axe.
* * * LOW HITPOINT WARNING * * *
Things that are here:
a +0 whip; a +0 leather armour
Casting: Foxfire (safe; 3% risk of failure)
Confirm with . or Enter, or press ? or * to list all spells.
You conjure some foxfire!
The orc misses you.
The orc hits your foxfire with a +0 hand axe.
The orc barely misses your foxfire.
Unknown command.
Casting: Foxfire (safe; 3% risk of failure)
Confirm with . or Enter, or press ? or * to list all spells.
You conjure some foxfire!
The foxfire hits the orc.
The orc is heavily wounded.
The foxfire hits the orc.
You kill the orc!
The foxfire hits the orc.
The orc is heavily wounded.
The foxfire hits the orc.
The orc is severely wounded.
The orc hits you with a +0 hand axe.
You die...

#...########.##..(..
#.#........[.##.##..
#...#######......#..
##......# ##........
#.####.# ########.
#.####.# #. #.§.##.#
#. #.#§##.# ##
#.@.##.# #.o....#
##r##### #.# #.# #.#
# #.#.#####
#...r.... ###)##..#


You could see an orc and a rat.

Vanquished Creatures
  Robin (D:3)
  3 worms (D:2)
  A dart slug (D:2)
  3 orcs (D:3)
  4 bats
  6 endoplasms
  3 giant cockroaches
  15 hobgoblins
  2 jackals (D:1)
  3 kobolds (D:1)
  3 quokkas
  2 ball pythons (D:2)
  4 frilled lizards (D:1)
  16 goblins
  5 rats
71 creatures vanquished.

Vanquished Creatures (others)
  238 foxfires
238 creatures vanquished.

Grand Total: 309 creatures vanquished

Notes
Turn   | Place    | Note
-------+----------+-------------------------------------------
     0 | D:1      | Descartes the Deep Elf Fire Elementalist began the quest
                  | for the Orb.
     0 | D:1      | Reached XP level 1. HP: 10/10 MP: 6/6
   156 | D:1      | Reached XP level 2. HP: 15/15 MP: 4/8
  1172 | D:2      | Reached XP level 3. HP: 19/19 MP: 3/9
  1251 | D:2      | Found a faded altar of an unknown god.
  1269 | D:2      | Found a shimmering altar of Xom.
  1428 | D:2      | Reached skill level 1 in Staves
  2147 | D:2      | Reached XP level 4. HP: 24/24 MP: 4/11
  2977 | D:3      | Noticed Robin
  3348 | D:3      | Killed Robin
  3593 | D:3      | Slain by an orc

Illustrated notes

Levels and vault maps discovered:
D:1:      ebering_trefoil_3fold, layout_loops_ring
D:2:      cheibrodos_greedy_goblins, layout_loops_corners,
          basic_ecumenical_altar, basic_altar, minmay_goblin_kobold_house
D:3:      layout_loops_cross, uniq_jessica, uniq_robin

Skill      XL: |  1  2  3  4 |
---------------+-------------+-----
Stealth        | 3 |  3.4
Staves         | 1 |  1.3
Dodging        | 3 |  3.2
Conjurations   | 2 |  2.1
Spellcasting   | |  3.9
Fire Magic     | |  3.8

Action                   |  1- 3 |  4- 6 || total
-------------------------+-------+-------++-------
 Cast: Foxfire           |   100 |    50 ||   150
Armor: Robe              |     4 |    10 ||    14
Dodge: Dodged            |    16 |    15 ||    31
